 Dungeon Crawl Stone Soup version 0.21.1-1-g345015f (webtiles) character file.

2944 aMcNicky the Purveyor of Pain (level 9, -1/82 HPs)
             Began as a Deep Dwarf Necromancer on Mar 21, 2018.
             Was an Initiate of Kikubaaqudgha.
             Slain by a troll (9 damage)
             ... on level 7 of the Dungeon on Mar 22, 2018.
             The game lasted 01:26:32 (11914 turns).

aMcNicky the Purveyor of Pain (DDNe)               Turns: 11914, Time: 01:26:33

Health: -1/82      AC:  6    Str: 16    XL:     9   Next: 51%
Magic:  10/14      EV: 15    Int: 20    God:    Kikubaaqudgha [......]
Gold:   393        SH:  0    Dex: 13    Spells: 6/20 levels left

rFire    . . .     SeeInvis .   b - +2 dagger (drain)
rCold    . . .     Gourm    .   (no shield)
rNeg     . . .     Faith    .   x - +3 leather armour {rPois}
rPois    +         Spirit   .   (no helmet)
rElec    .         Reflect  .   (no cloak)
rCorr    +         Harm     .   (no gloves)
MR       +....                  (no boots)
Stlth    +.........             (no amulet)
HPRegen  0.00/turn              t - ring of resist corrosion
MPRegen  0.14/turn              g - +3 ring of strength

@: lethally poisoned (-1 -> -1), starving, non-regenerating, drained
A: damage resistance, heal wounds, hooves 1, repulsion field 1, sense
surroundings 2, poison resistance, strong 1, no regeneration
a: Heal Wounds, Renounce Religion


You were on level 7 of the Dungeon.
You worshipped Kikubaaqudgha.
Kikubaaqudgha was noncommittal.
You were starving.

You visited 2 branches of the dungeon, and saw 8 of its levels.

You collected 393 gold pieces.

Inventory:

Hand Weapons
 a - a +0 hunting sling
 b - a +2 dagger of draining (weapon)
 e - a +1 hand axe of flaming
 j - a +1 trident of protection
 r - a +5 long sword
 u - a +0 spear
Missiles
 A - 27 sling bullets
Armour
 x - a +3 leather armour of poison resistance (worn)
Magical Staves
 n - an uncursed staff of energy {unknown}
 y - an uncursed staff of summoning
Jewellery
 g - a +3 ring of strength (right hand)
 t - a ring of resist corrosion (left hand)
Wands
 f - a wand of polymorph (5)
Scrolls
 d - a scroll of noise {unknown}
 i - 3 scrolls of remove curse {@r2}
 k - a scroll of magic mapping {unknown}
 l - a scroll of random uselessness {unknown}
 m - a scroll of immolation {unknown}
 q - a scroll of enchant weapon {unknown}
 s - a scroll of teleportation {unknown}
 v - a scroll of fog {unknown}
 z - a scroll of holy word {unknown}
Potions
 h - a potion of magic
 o - 2 potions of curing {@q1}
Books
 p - a book of Necromancy

   Spells                             Type                      Level
   a - Pain                           Necromancy                   1
   b - Animate Skeleton               Necromancy                   1
   c - Vampiric Draining              Necromancy                   3
   d - Regeneration                   Charms/Necromancy            3
   e - Animate Dead                   Necromancy                   4
   f - Borgnjor's Vile Clutch         Necromancy/Earth             5
 w - a book of the Dragon

   Spells                             Type                      Level
   a - Flame Tongue                   Conjuration/Fire             1
   b - Cause Fear                     Hexes                        4
   c - Bolt of Fire                   Conjuration/Fire             6
   d - Dragon Form                    Transmutation                7
   e - Dragon's Call                  Summoning                    9


   Skills:
 + Level 6.0(4.9) Fighting
 - Level 2.7(1.7) Armour
 - Level 4.7(3.6) Dodging
 - Level 2.4(1.4) Stealth
 + Level 6.3(5.2) Spellcasting
 + Level 9.2(8.0) Necromancy


You had 6 spell levels left.
You knew the following spells:

 Your Spells              Type           Power        Failure   Level  Hunger
a - Pain                  Necr           ####         1%          1    None
b - Vampiric Draining     Necr           #####.....   1%          3    ##.....
c - Animate Dead          Necr           N/A          4%          4    ####...
d - Borgnjor's Vile Clut  Necr/Erth      ###.......   58%         5    #####..
e - Animate Skeleton      Necr           N/A          1%          1    None


Dungeon Overview and Level Annotations

Branches:
Dungeon (7/15)             Temple (1/1) D:7

Altars:
Cheibriados
Kikubaaqudgha
Makhleb
Qazlal
Ru
Sif Muna
Vehumet

Shops:
D:4 %   D:5 %

Annotations:
D:5 Frank's ghost, novice OpFi


Innate Abilities, Weirdness & Mutations

You are resistant to damage.
You can heal yourself by infusing magical energy.
You passively map the area around you.
You do not regenerate.
You have large cloven feet.
You are surrounded by a mild repulsion field. (EV +2)
Your system is resistant to poisons. (rPois)
Your muscles are strong. (Str +2)


Message History

* * * LOW HITPOINT WARNING * * *
You are poisoned.
The scorpion poisons you!
Evoke which item? (* to show all) (? for menu, Esc to quit)
Aiming: Polymorph
Press: ? - help, Shift-Dir - straight line, f/p - troll
Aim: a troll (chance to defeat MR: 46%)
The troll resists with some effort.
The hound completely misses you. The troll bites you!
* * * LOW HITPOINT WARNING * * *
The troll claws you but does no damage. The troll closely misses you.
The scorpion stings you!
* * * LOW HITPOINT WARNING * * *
The hound bites you.
* * * LOW HITPOINT WARNING * * *
There is a staircase to the Ecumenical Temple here.
The troll bites you but does no damage. The troll misses you.
The troll claws you!
You die...
Kikubaaqudgha rasps: "You have failed me!
Welcome... death!"

#..# #.#...#.).#
#..# #...s......
#..# #...#...#..
#..# #..#...#...
###).# #.#(..#...#
#.h..# #..#...#...
#.#s## #...#...#..
#.T8# #..........
#..@# #.#...#...#
#.#8# #..#...#...
#.#.# #..)#...#..
#.#.# #..#...#...
#.#.# #.#...#...#
#.#.# #..........
#.#)#########..#..##
#............####.##
##.############.#...


You could see a troll, a scorpion and a hound.

Vanquished Creatures
  A wraith (D:7)
  A hungry ghost (D:7)
  Duvessa (D:4)
  3 ice beasts
  An orc warrior (D:7)
  A phantom (D:7)
  4 centaurs
  A big kobold (D:7)
  Dowan (D:4)
  3 scorpions
  A water moccasin skeleton (D:5)
  6 wights
  3 howler monkeys (D:7)
  A crimson imp (D:6)
  2 bullfrog zombies (D:7)
  2 hounds (D:7)
  A centaur zombie (D:5)
  2 orc wizards (D:7)
  4 orc priests
  5 iguanas
  8 worker ants
  A hound skeleton (D:7)
  7 gnolls
  11 adders
  A howler monkey skeleton (D:6)
  A shadow imp (D:6)
  An ooze (D:5)
  3 adder zombies
  A worm (D:5)
  2 dart slugs
  5 leopard geckos
  22 orcs
  9 bats
  2 giant cockroaches
  8 goblins
  10 hobgoblins
  19 jackals
  12 kobolds
  3 quokkas
  2 ball pythons
  7 frilled lizards
  A leopard gecko skeleton (D:6)
  A quokka zombie (D:5)
  10 rats
191 creatures vanquished.

Vanquished Creatures (collateral kills)
  2 bullfrogs (D:6)
  A hound (D:7)
  An adder (D:7)
  A quokka skeleton (D:6)
5 creatures vanquished.

Grand Total: 196 creatures vanquished

Notes
Turn   | Place    | Note
-------+----------+-------------------------------------------
     0 | D:1      | aMcNicky the Deep Dwarf Necromancer began the quest for the Orb.
     0 | D:1      | Reached XP level 1. HP: 15/15 MP: 3/3
   234 | D:1      | Reached XP level 2. HP: 14/22 MP: 1/5
  1136 | D:1      | Reached XP level 3. HP: 22/28 MP: 3/6
  1169 | D:1      | Learned a level 3 spell: Vampiric Draining
  1816 | D:2      | Reached skill level 5 in Necromancy
  1964 | D:2      | Reached XP level 4. HP: 34/36 MP: 4/7
  3295 | D:2      | Reached XP level 5. HP: 23/42 MP: 0/9
  3745 | D:3      | Reached skill level 1 in Armour
  4609 | D:3      | Reached XP level 6. HP: 46/50 MP: 6/10
  4829 | D:4      | Noticed Duvessa
  4830 | D:4      | Noticed Dowan
  4965 | D:4      | Learned a level 4 spell: Animate Dead
  4990 | D:4      | Found Ewkebyfe's Food Shoppe.
  5461 | D:5      | Entered Level 5 of the Dungeon
  5552 | D:4      | Reached skill level 1 in Fighting
  6486 | D:4      | Killed Duvessa
  6486 | D:4      | Reached skill level 6 in Necromancy
  6486 | D:4      | Reached XP level 7. HP: 39/58 MP: 1/11
  6816 | D:4      | Killed Dowan
  7211 | D:5      | Found Koca Von's Food Shop.
  7819 | D:5      | Learned a level 5 spell: Borgnjor's Vile Clutch
  8009 | D:4      | Reached skill level 7 in Necromancy
  8009 | D:4      | Reached XP level 8. HP: 34/69 MP: 0/12
  8041 | D:5      | Noticed Frank's ghost (novice OpFi)
  8828 | D:6      | Reached skill level 5 in Spellcasting
  9367 | D:7      | Gained mutation: Your muscles are strong. (Str +2) [potion of mutation]
  9367 | D:7      | Gained mutation: Your system is resistant to poisons. (rPois) [potion of mutation]
  9367 | D:7      | Gained mutation: You have large cloven feet. [potion of mutation]
  9367 | D:7      | Gained mutation: You are surrounded by a mild repulsion field. (EV +2) [potion of mutation]
  9409 | D:7      | Reached skill level 8 in Necromancy
  9662 | D:7      | Learned a level 1 spell: Animate Skeleton
 10127 | D:7      | Reached skill level 5 in Fighting
 10135 | D:7      | Gained mutation: You passively map the area around you. [Deep Dwarf growth]
 10135 | D:7      | Reached XP level 9. HP: 79/81 MP: 1/14
 10659 | D:7      | Found a burning altar of Makhleb.
 11137 | D:7      | Noticed a troll
 11361 | D:6      | Reached skill level 9 in Necromancy
 11579 | D:7      | Found a staircase to the Ecumenical Temple.
 11609 | Temple   | Entered the Ecumenical Temple
 11628 | Temple   | Became a worshipper of Kikubaaqudgha
 11914 | D:7      | Slain by a troll

Skill      XL: |  1  2  3  4  5  6  7  8  9 |
---------------+----------------------------+-----
Spellcasting   | 2 3 4 5 6 |  6.3
Dodging        | 3 4 |  4.7
Necromancy     | 5 6 7 8 9 |  9.2
Armour         | 1 2 |  2.7
Fighting       | 1 3 5 6 |  6.0
Stealth        | |  2.4

Action                   |  1- 3 |  4- 6 |  7- 9 || total
-------------------------+-------+-------+-------++-------
Melee: Unarmed           |    10 |       |       ||    10
       Club              |     7 |    24 |       ||    31
       Dagger            |       |       |   311 ||   311
       Kick              |       |       |    56 ||    56
       Trident           |       |       |    10 ||    10
       Spear             |       |       |     8 ||     8
       Hand axe          |       |       |     7 ||     7
       Long sword        |       |       |     1 ||     1
 Fire: Hunting sling     |       |       |     6 ||     6
 Cast: Pain              |    72 |   116 |    90 ||   278
       Vampiric Draining |     8 |    34 |    65 ||   107
       Animate Dead      |       |       |    14 ||    14
       Animate Skeleton  |       |       |     3 ||     3
 Abil: Heal Wounds       |     1 |     1 |    13 ||    15
Evoke: Wand              |       |       |    22 ||    22
  Use: Scroll            |       |     6 |     5 ||    11
       Potion            |       |       |     9 ||     9
 Stab: Sleeping          |       |       |     1 ||     1
  Eat: Chunk             |     5 |     9 |     5 ||    19
       Ration            |       |     3 |    10 ||    13
Armor: Robe              |    16 |     3 |       ||    19
       Ring mail         |       |    24 |       ||    24
       Leather armour    |       |       |    94 ||    94
Dodge: Dodged            |    43 |   105 |   299 ||   447
       Rpst.: Long sword |       |       |     1 ||     1
